 Dungeon Crawl Stone Soup version 0.28.0 (webtiles) character file.

Game seed: 118930111791575274

217376 Hasart the Fencer (level 17, -5/105 (144) HPs)
             Began as a Demigod Fighter on Feb 14, 2022.
             Killed from afar by a ghostly deep elf death mage (56 damage)
             ... with a bolt of negative energy
             ... on level 3 of the Elven Halls.
             The game lasted 01:55:54 (35212 turns).

Hasart the Fencer (Demigod Fighter)                Turns: 35212, Time: 01:55:54

HP:   -5/105 (144)  AC: 16    Str: 28    XL:     17   Next: 75%
MP:   29/29         EV: 21    Int: 12    God:
Gold: 1249          SH: 15    Dex: 25    Spells: 24/26 levels left

rFire   + . .      SeeInvis .   b - +7 Throatcutter {drain, coup de grace}
rCold   . . .      Faith    .   h - +1 kite shield {AC+3}
rNeg    . . .      Spirit   .   W - +1 robe {Will+}
rPois   .          Reflect  .   v - +2 helmet
rElec   .          Harm     .   a - scarf {+Inv}
rCorr   .          Rampage  .   Z - +2 pair of gloves {Str+3}
Will    ++...                   K - +1 pair of boots of the First Snow {Fly rF+ Int-2 Dex+4}
Stlth   ++........              p - amulet of regeneration
HPRegen 1.07/turn               N - +4 ring of slaying
MPRegen 0.21/turn               T - +4 ring of slaying

@: flying, very heavily drained
A: high MP 1, forlorn, divine attributes
}: 1/15 runes: serpentine
a: Evoke Invisibility


You were on level 3 of the Elven Halls.
You visited 7 branches of the dungeon, and saw 32 of its levels.
You also visited: Sewer.

You collected 3885 gold pieces.
You spent 2636 gold pieces at shops.

Inventory:

Hand Weapons
 b - the +7 Throatcutter (weapon) {drain, coup de grace}
   (You found it on level 4 of the Dungeon)

   A truly terrible weapon, it drains the life of any living foe it strikes.
   It may instantly kill foes which have little health.
 U - a +2 scimitar of flaming
Missiles
 f - 39 poisoned darts
 Q - 5 javelins (quivered)
 V - 2 throwing nets
Armour
 a - a scarf of invisibility (worn)
 e - the +3 chain mail "Xeonle Nudgh" {rPois rCorr Str-4}
   (You took it off a tengu warrior on level 10 of the Dungeon)

   Str:       It affects your strength (-4).
   rPois:     It protects you from poison.
   rCorr:     It protects you from acid and corrosion.
 h - a +1 kite shield of protection (worn)
 q - a scarf of repulsion
 v - a +2 helmet (worn)
 F - the +1 pair of gloves of Mirth {Drain Will- Str+10 SInv}
   (You bought it in a shop on level 1 of the Snake Pit)

   Str:       It affects your strength (+10).
   SInv:      It lets you see invisible.
   Drain:     It drains your maximum health when unequipped.
   Will:      It decreases your willpower.
 K - the +1 pair of boots of the First Snow (worn) {Fly rF+ Int-2 Dex+4}
   (You bought it in a shop on level 7 of the Dungeon)

   Int:       It affects your intelligence (-2).
   Dex:       It affects your dexterity (+4).
   rF:        It protects you from fire.
   Fly:       It grants you flight.
 S - a scarf of resistance
 W - a +1 robe of willpower (worn)
 Z - a +2 pair of gloves of strength (worn)
Jewellery
 c - a ring of protection from cold
 p - an amulet of regeneration (around neck)
 w - an amulet of reflection
 N - a +4 ring of slaying (left hand)
 T - a +4 ring of slaying (right hand)
Wands
 m - a wand of paralysis (10)
 s - a wand of mindburst (22)
 A - a wand of acid (8)
 J - a wand of digging (11)
 O - a wand of iceblast (19)
Scrolls
 g - 4 scrolls of holy word
 j - 5 scrolls of magic mapping
 n - 2 scrolls of summoning
 y - 9 scrolls of teleportation
 z - a scroll of enchant armour
 B - 4 scrolls of blinking
 D - a scroll of silence
 I - 2 scrolls of amnesia
 M - 2 scrolls of fog
 P - a scroll of enchant weapon
 R - 2 scrolls of fear
Potions
 d - 2 potions of might
 i - 2 potions of resistance {unknown}
 k - 7 potions of mutation
 l - 3 potions of flight
 o - 3 potions of invisibility
 r - 2 potions of cancellation {unknown}
 t - 2 potions of attraction {unknown}
 u - 3 potions of lignification
 C - a potion of haste {unknown}
 E - 5 potions of degeneration {unknown}
 H - 5 potions of ambrosia {unknown}
 L - 11 potions of curing
 X - 2 potions of heal wounds
 Y - a potion of berserk rage
Miscellaneous
 x - a condenser vane
 G - a phial of floods


   Skills:
 + Level 11.5 Fighting
 * Level 15.7 Long Blades
 + Level 11.1 Throwing
 + Level 11.5 Armour
 + Level 11.0 Dodging
 + Level 11.4 Shields
 + Level 5.1 Spellcasting
 + Level 5.7 Summonings
 + Level 10.8 Evocations


You had 24 spell levels left.
You knew the following spells:

 Your Spells              Type           Power      Damage    Failure   Level
a - Call Imp              Summ           16%        N/A       6%          2

Your spell library contained the following spells:

 Spells                   Type           Power      Damage    Failure   Level
 Apportation              Tloc           6%         N/A       38%         1
 Freeze                   Ice            12%        1d4       38%         1
 Magic Dart               Conj           12%        1d3       38%         1
 Corpse Rot               Necr/Air       6%         N/A       52%         2
 Poisonous Vapours        Pois/Air       6%         N/A       52%         2
 Scorch                   Fire           6%         2d5       52%         2
 Frozen Ramparts          Ice            6%         1d2       77%         3
 Mephitic Cloud           Conj/Pois/Air  3%         N/A       77%         3
 Ozocubu's Armour         Ice            3%         N/A       77%         3
 Summon Ice Beast         Ice/Summ       9%         N/A       77%         4
 Summon Lightning Spire   Summ/Air       9%         N/A       77%         4
 Flame Wave               Conj/Fire      3%         2d4       99%         4
 Hailstorm                Conj/Ice       3%         3d3       99%         4
 Ice Form                 Ice/Tmut       3%         N/A       99%         4
 Olgreb's Toxic Radiance  Pois           3%         N/A       99%         4
 Summon Cactus Giant      Summ           8%         N/A       99%         6
 Alistair's Intoxication  Tmut/Pois      2%         N/A       100%        5
 Fireball                 Conj/Fire      1%         3d3       100%        5
 Starburst                Conj/Fire      1%         6d3       100%        6
 Ozocubu's Refrigeration  Ice            1%         4d5       100%        7
 Storm Form               Tmut/Air       1%         N/A       100%        7
 Ignition                 Fire           1%         3d3       100%        8
 Maxwell's Capacitive Co  Air            1%         ∞         100%        8


Dungeon Overview and Level Annotations

Branches:
Dungeon (15/15)            Temple (0/1) D:4            Lair (5/6) D:8
 Shoals (1/4) Lair:4        Snake (4/4) Lair:3          Orc (2/2) D:10
    Elf (3/3) Orc:2        Vaults (0/5) D:14         Depths (2/4) D:15
  Sewer (visited)
  Slime: Lair:5-6

Shops:
D:4 *   D:7 [   D:15 ((   Orc:2 *:?[   Snake:1 =[   Snake:4 **?*

Portals:
Pandemonium: Orc:2
Bazaar: Snake:1

Annotations:
D:11 3 runed translucent doors, Crownlay's ghost, journeyman MiGl; adperon's ghost, journeyman VSAK
D:13 3 runed translucent doors, ioannis32's ghost, journeyman DsBe
Lair:5 Rupert


Innate Abilities, Weirdness & Mutations

You have an increased reservoir of magic. (+10% MP)
You shall have no god before yourself.
Your divine heritage dramatically boosts your attributes as you level up.


Message History

Unknown command.
Press: ? - help, v - describe, . - travel
Here: a deep elf death mage, wielding a +0 long sword and wearing a +0 leather armour (wandering, hasn't noticed you)
The floor.
The deep elf death mage shouts!
The deep elf death mage casts a spell at you.
The bolt of negative energy misses you.
The deep elf death mage points at you and mumbles some strange words.
The bolt of negative energy misses you.
The deep elf death mage beckons forth a restless soul!
Things that are here:
the ring "Headi" {Ice rPois}; a +0 leather armour; a +0 short sword The deep elf death mage gestures at you while chanting.
The bolt of negative energy misses you.
You slash the deep elf death mage!
The deep elf death mage is moderately wounded.
The deep elf death mage misses you.
You slice the deep elf death mage!! You drain the deep elf death mage.
The deep elf death mage is heavily wounded.
The deep elf death mage points at you and mumbles some strange words.
The bolt of negative energy hits you!!
You feel drained.
You slice the deep elf death mage!!
The deep elf death mage is almost dead.
The deep elf death mage casts a spell at you.
The bolt of negative energy hits you!!!
You feel drained.
You are too injured to fight recklessly!
You are too injured to fight recklessly!
You are too injured to fight recklessly!
You slash the deep elf death mage!
The deep elf death mage seems less drained.
The lost soul assumes the form of the deep elf death mage and becomes anchored to this world!
You slash the ghostly deep elf death mage!
The ghostly deep elf death mage is moderately damaged.
The ghostly deep elf death mage hits you with a +0 long sword.
You slash the ghostly deep elf death mage!
The ghostly deep elf death mage is moderately damaged.
The ghostly deep elf death mage points at you and mumbles some strange words.
The bolt of negative energy hits you!!!
You feel drained.
Ouch! That really hurt!
You die...

#...................###...#
#.........##.......#.......
#...#.#...##.......#....#.#
#.........##.......#......(
#####.#.####............#.#
###...#..................
#......[.........##...... ###
#......=..)...#######.... #.#
#.......@.###...# ####.# ##.#
#........e###...####.....
...######.#...#.....)............
.#[#.......#.##..................
[.<.....)[.......................
.#.#.......#.#.............h.....
##...).......#...................
..)#...............##############
...#........##.##..#


You could see a ghostly deep elf death mage.

Vanquished Creatures
  Jorgrun (Elf:2)
  A walking crystal tome (D:15)
  A deep elf master archer (Elf:3)
  Gastronok (Lair:1)
  9 nagarajas
  A very ugly thing (D:15)
  2 deep elf demonologists
  Azrael (D:12)
  A deep elf annihilator (Elf:1)
  A deep elf death mage (Elf:2)
  3 ettins (D:15)
  A great orb of eyes (D:15)
  4 vault guards (D:15)
  2 deep elf high priests
  Josephine (D:14)
  11 naga warriors
  A merfolk avatar (Shoals:1)
  2 rakshasas
  2 ogre magi
  6 hydras
  Erolcha (D:10)
  2 salamander tyrants
  9 anacondas
  A spriggan air mage (D:15)
  8 centaur warriors
  A catoblepas (D:14)
  2 death knights
  6 boulder beetles
  27 dancing weapons
  16 two-headed ogres
  A deep troll shaman (D:15)
  A tengu warrior (D:10)
  8 naga sharpshooters
  5 shock serpents
  6 orc high priests (Orc:2)
  7 death yaks
  A soul eater (Orc:2)
  Nergalle (D:10)
  3 sun demons (D:15)
  14 deep elf knights
  3 deep trolls
  4 naga ritualists
  3 salamander mystics
  A sea snake (Lair:4)
  A lindwurm (Lair:4)
  28 deep elf zephyrmancers
  7 mana vipers
  5 orc knights
  8 deep elf archers
  7 orc sorcerers
  33 deep elf pyromancers
  4 manticores
  A harpy (Lair:4)
  20 ugly things
  19 salamanders
  A merfolk siren (Shoals:1)
  5 cyclopes
  A centaur zombie (D:11)
  6 elephants (Lair:3)
  11 guardian serpents
  The ghost of Jazqba the Grappler, a novice TrHu of Zin (D:5)
  18 naga magi
  27 black mambas
  4 smoke demons
  Maggie (D:9)
  10 cane toads
  Psyche (D:8)
  3 rime drakes
  An unseen horror (D:12)
  An efreet (D:10)
  2 kobold demonologists
  8 komodo dragons
  3 freezing wraiths (D:14)
  A meliai (shapeshifter) (Elf:3)
  5 trolls
  A polar bear (Lair:3)
  2 wind drakes
  8 blink frogs
  16 slime creatures
  A raiju (shapeshifter) (D:15)
  Sigmund (D:6)
  31 yaks
  A ynoxinul (Orc:2)
  A shadow (D:11)
  An air elemental (Elf:2)
  5 water elementals
  4 wyverns
  3 basilisks
  7 wraiths
  The ghost of Hasart the Slasher, an amateur DgFi (D:4)
  4 fire elementals
  A steam dragon (shapeshifter) (Elf:2)
  Edmund (D:4)
  5 vampire mosquitoes
  28 nagas
  Duvessa (D:4)
  2 acid dragons
  7 water moccasins
  2 floating eyes (Depths:1)
  A hell hound (D:12)
  A hornet zombie (D:8)
  30 orc warriors
  A sky beast (D:7)
  A black bear (D:4)
  3 necrophages
  5 boggarts (D:15)
  10 ogres
  8 centaurs
  2 kobold brigands (Sewer)
  10 bullfrogs
  3 scorpions
  2 water moccasin zombies (D:5)
  Dowan (D:4)
  6 killer bees (D:9)
  7 howler monkeys
  An electric eel (D:15)
  A jelly (D:8)
  The ghost of adperon the Skirmisher, a weakling VSFi of Fedhas (D:3)
  30 orc priests
  2 hounds
  2 gnoll shamans
  Crazy Yiuf (D:3)
  2 centaur skeletons (D:7)
  Jessica (D:2)
  Ijyb (D:3)
  Natasha (twice) (D:2)
  7 iguanas
  15 orc wizards
  A killer bee zombie (D:7)
  A scorpion simulacrum (D:3)
  A howler monkey zombie (D:9)
  Robin (D:4)
  9 gnolls
  17 adders
  11 river rats
  A shadow imp (D:8)
  3 white imps
  4 worms
  The ghost of Enish the Sneak, a weakling TrDe of Okawaru (D:6)
  4 dart slugs
  64 orcs
  12 ball pythons
  6 bats
  5 endoplasms
  8 giant cockroaches
  19 goblins
  9 hobgoblins
  2 jackals (D:2)
  22 kobolds
  3 quokkas
  2 ball python simulacra (D:3)
  A frilled lizard (shapeshifter) (D:15)
  5 frilled lizards
  A jackal simulacrum (D:3)
  A quokka simulacrum (D:3)
  26 rats
  A tentacle (Shoals:1)
958 creatures vanquished.

Vanquished Creatures (others)
  A wizard (D:15)
  A deep elf pyromancer (Elf:1)
  7 fungi
  25 plants
  11 tentacles (Shoals:1)
  5 toadstools (D:3)
  3 withered plants (D:3)
53 creatures vanquished.

Grand Total: 1011 creatures vanquished

Notes
Turn   | Place    | Note
-------+----------+-------------------------------------------
     0 | D:1      | Hasart the Demigod Fighter began the quest for the Orb.
     0 | D:1      | Reached XP level 1. HP: 18/18 MP: 3/3
   121 | D:1      | Reached skill level 2 in Long Blades
   234 | D:1      | Reached XP level 2. HP: 14/25 MP: 4/4
   956 | D:2      | Noticed a scorpion
   963 | D:2      | Killed a scorpion
   964 | D:2      | Reached skill level 1 in Throwing
   964 | D:2      | Reached skill level 1 in Dodging
   964 | D:2      | Reached XP level 3. HP: 23/31 MP: 5/5
   964 | D:2      | Reached XP level 4. HP: 28/38 MP: 6/6
  1331 | D:2      | Noticed Jessica
  1355 | D:2      | Killed Jessica
  1356 | D:2      | Reached skill level 3 in Long Blades
  1684 | D:2      | Reached XP level 5. HP: 45/45 MP: 7/7
  1718 | D:2      | Noticed Natasha
  1722 | D:2      | Killed Natasha
  2006 | D:2      | Noticed Natasha
  2015 | D:2      | Killed Natasha
  2180 | D:3      | Found a runed translucent gate.
  2180 | D:3      | Found a runed translucent gate.
  2180 | D:3      | Found a runed translucent gate.
  2373 | D:3      | Found a runed translucent door.
  2374 | D:3      | Noticed Crazy Yiuf
  2425 | D:3      | Killed Crazy Yiuf
  2565 | D:3      | Noticed adperon's ghost (weakling VSFi)
  2845 | D:3      | Noticed Ijyb
  2855 | D:3      | Killed Ijyb
  2856 | D:3      | Reached XP level 6. HP: 29/51 MP: 8/8
  3354 | D:4      | Found a runed translucent gate.
  3356 | D:4      | Found a runed translucent gate.
  3356 | D:4      | Found a runed translucent gate.
  3357 | D:4      | Noticed Hasart's ghost (amateur DgFi)
  3358 | D:4      | Noticed Robin
  3408 | D:4      | Killed Robin
  3582 | D:4      | Identified the +8 ring mail "Ylesk" {rF+}
  3600 | D:4      | Found a staircase to the Ecumenical Temple.
  3614 | D:4      | Found the +7 Throatcutter {drain, coup de grace}
  3618 | D:4      | Noticed Edmund
  3645 | D:4      | Killed Edmund
  3646 | D:4      | Reached skill level 4 in Long Blades
  3646 | D:4      | Reached skill level 1 in Evocations
  3729 | D:4      | Reached XP level 7. HP: 58/58 MP: 9/9
  3750 | D:4      | Found Byumar's Assorted Antiques.
  3758 | D:4      | Bought a scroll labelled GINEXE AXOBE for 25 gold pieces
  3758 | D:4      | Bought 2 scrolls labelled RYSUHO FOATOET for 50 gold pieces
  3758 | D:4      | Bought a scroll labelled FEODUAGYNT for 25 gold pieces
  3787 | D:4      | Noticed Dowan
  3787 | D:4      | Noticed Duvessa
  3802 | D:4      | Killed Duvessa
  3806 | D:4      | Killed Dowan
  4263 | D:5      | Entered Level 5 of the Dungeon
  4273 | D:5      | Found a runed translucent gate.
  4273 | D:5      | Found a runed translucent gate.
  4273 | D:5      | Found a runed translucent gate.
  4318 | D:5      | Noticed Jazqba's ghost (novice TrHu)
  4765 | D:6      | Reached XP level 8. HP: 58/66 MP: 10/10
  4822 | D:6      | Reached skill level 5 in Long Blades
  4975 | D:6      | Noticed Sigmund
  4991 | D:6      | Killed Sigmund
  5006 | D:6      | Found a runed translucent door.
  5009 | D:6      | Noticed Enish's ghost (weakling TrDe)
  5132 | D:6      | Found a glowing drain.
  5162 | Sewer    | Entered a sewer
  6270 | D:7      | Reached skill level 6 in Long Blades
  6329 | D:7      | Found Epelet's Antique Armour Shoppe.
  6337 | D:7      | Bought a pair of masterwork boots for 275 gold pieces
  6337 | D:7      | Identified the +1 pair of boots of the First Snow {Fly rF+
                  | Int-2 Dex+4} (You bought it in a shop on level 7 of the
                  | Dungeon)
  6706 | D:7      | Reached XP level 9. HP: 73/73 MP: 11/11
  6727 | D:7      | Reached skill level 5 in Armour
  6747 | D:7      | Reached skill level 5 in Fighting
  6747 | D:7      | Reached skill level 5 in Shields
  7163 | D:8      | Noticed Psyche
  7168 | D:8      | Killed Psyche
  7306 | D:8      | Found a staircase to the Lair.
  7307 | D:8      | Noticed a death yak
  7307 | D:8      | Noticed a death yak
  7381 | D:7      | Killed a death yak
  7382 | D:7      | Reached skill level 7 in Long Blades
  7424 | D:7      | Killed a death yak
  7505 | D:8      | Noticed a death yak
  7506 | D:8      | Noticed a death yak
  7507 | D:8      | Reached XP level 10. HP: 81/81 MP: 13/13
  7546 | D:7      | Killed a death yak
  7591 | D:8      | Noticed a death yak
  7592 | D:8      | Noticed a death yak
  7592 | D:8      | Noticed a death yak
  7627 | D:7      | Killed a death yak
  7628 | D:7      | Reached skill level 5 in Dodging
  7645 | D:7      | Killed a death yak
  7646 | D:7      | Reached skill level 5 in Throwing
  7677 | D:7      | Killed a death yak
  7678 | D:7      | Reached skill level 8 in Long Blades
  7687 | D:8      | Killed a death yak
  8233 | D:9      | Noticed Maggie
  8233 | D:9      | Noticed a two-headed ogre
  8249 | D:8      | Killed a two-headed ogre
  8257 | D:9      | Killed Maggie
  8396 | D:9      | Reached skill level 5 in Evocations
  8518 | D:9      | Identified the +0 chain mail of Day {Dex+3}
  8749 | D:7      | Bought a runed scarf for 232 gold pieces
  8894 | D:9      | Reached XP level 11. HP: 71/90 MP: 14/14
  8938 | D:10     | Entered Level 10 of the Dungeon
  8945 | D:10     | Noticed a two-headed ogre
  8951 | D:10     | Killed a two-headed ogre
  9035 | D:10     | Noticed Nergalle
  9247 | D:10     | Killed Nergalle
  9283 | D:10     | Found a staircase to the Orcish Mines.
  9295 | D:10     | Reached skill level 9 in Long Blades
  9375 | D:10     | Noticed a two-headed ogre
  9392 | D:10     | Killed a two-headed ogre
 10119 | D:11     | Noticed a centaur warrior
 10119 | D:11     | Noticed a boulder beetle
 10139 | D:11     | Killed a centaur warrior
 10169 | D:11     | Killed a boulder beetle
 10182 | D:11     | Identified the +3 chain mail "Xeonle Nudgh" {rPois rCorr
                  | Str-4}
 10182 | D:11     | Noticed a tengu warrior
 10268 | D:10     | Killed a tengu warrior
 10394 | D:11     | Found a runed translucent gate.
 10394 | D:11     | Found a runed translucent gate.
 10395 | D:11     | Found a runed translucent gate.
 10505 | D:11     | Noticed a two-headed ogre
 10510 | D:11     | Killed a two-headed ogre
 10694 | D:11     | Noticed adperon's ghost (journeyman VSAK)
 10695 | D:11     | Noticed Crownlay's ghost (journeyman MiGl)
 10986 | D:12     | Noticed Azrael
 11088 | Orc:1    | Entered Level 1 of the Orcish Mines
 11089 | Orc:1    | Noticed Erolcha
 11096 | Orc:1    | Noticed a two-headed ogre
 11155 | D:10     | Killed a two-headed ogre
 11235 | Lair:1   | Entered Level 1 of the Lair of Beasts
 11253 | Lair:1   | Reached XP level 12. HP: 85/100 MP: 15/15
 11459 | Lair:1   | Noticed a seven-headed hydra
 11472 | Lair:1   | Killed a four-headed hydra
 11473 | Lair:1   | Reached skill level 10 in Long Blades
 11564 | Lair:1   | Noticed Gastronok
 11578 | Lair:1   | Killed Gastronok
 11975 | Lair:2   | Noticed a seven-headed hydra
 11981 | Lair:2   | Killed a four-headed hydra
 12942 | Lair:3   | Found a staircase to the Snake Pit.
 13106 | Lair:3   | Noticed a four-headed hydra
 13113 | Lair:3   | Killed a one-headed hydra
 13227 | Lair:3   | Reached skill level 11 in Long Blades
 13383 | Lair:3   | Noticed a seven-headed hydra
 13395 | Lair:3   | Killed a two-headed hydra
 13396 | Lair:3   | Reached XP level 13. HP: 106/107 MP: 16/16
 13864 | Lair:4   | Found a staircase to the Shoals.
 14750 | Lair:5   | Noticed Rupert
 15153 | D:12     | Killed Azrael
 15442 | D:6      | Killed Enish's ghost
 15620 | D:3      | Killed adperon's ghost
 15740 | D:4      | Killed Hasart's ghost
 15852 | D:5      | Killed Jazqba's ghost
 16148 | D:12     | You are sucked into a shaft and drop 3 floors!
 16148 | D:15     | Entered Level 15 of the Dungeon
 16420 | D:15     | Reached skill level 12 in Long Blades
 17018 | D:14     | Found a gate to the Vaults.
 17062 | D:15     | Reached XP level 14. HP: 92/118 MP: 17/17
 17391 | D:15     | Found Operryo's Antique Weapon Emporium.
 17399 | D:15     | Found Vaema's Weapon Emporium.
 17697 | D:15     | Found a staircase to the Depths.
 18482 | D:14     | Noticed Josephine
 18494 | D:14     | Killed Josephine
 18539 | D:14     | Reached skill level 13 in Long Blades
 19099 | D:13     | Found a runed translucent gate.
 19100 | D:13     | Found a runed translucent gate.
 19101 | D:13     | Found a runed translucent gate.
 19107 | D:13     | Noticed ioannis32's ghost (journeyman DsBe)
 20398 | D:10     | Killed Erolcha
 20592 | Orc:2    | Entered Level 2 of the Orcish Mines
 20852 | Orc:2    | Found a staircase to the Elven Halls.
 21026 | Orc:1    | Reached XP level 15. HP: 126/126 MP: 18/18
 21289 | Orc:2    | Found Wial's Magic Scroll Boutique.
 21293 | Orc:2    | Found Astapho's General Store.
 21377 | Orc:2    | Bought a scroll of vulnerability for 105 gold pieces
 21377 | Orc:2    | Bought a scroll of teleportation for 42 gold pieces
 21377 | Orc:2    | Bought a scroll of teleportation for 42 gold pieces
 22204 | Orc:2    | Reached skill level 10 in Fighting
 22302 | Orc:2    | Reached skill level 10 in Armour
 22353 | Orc:2    | Found Gusint's Book Shoppe.
 22353 | Orc:2    | Found Jicypt's Antique Armour Emporium.
 22353 | Orc:2    | Found a one-way gate leading to the halls of Pandemonium.
 22414 | Orc:2    | Learned a level 2 spell: Call Imp
 22588 | Snake:1  | Entered Level 1 of the Snake Pit
 22588 | Snake:1  | Found Qanlihic's Jewellery Boutique.
 22637 | Snake:1  | Bought a +4 ring of slaying for 1326 gold pieces
 22972 | Snake:1  | Identified a scroll of acquirement
 22972 | Snake:1  | Acquired 1037 gold pieces
 22994 | Snake:1  | Found a gateway to a bazaar.
 23121 | Snake:1  | Reached skill level 10 in Shields
 23298 | Snake:1  | Found Qytul's Antique Armour Emporium.
 23304 | Snake:1  | Bought a pair of faintly humming gloves for 304 gold pieces
 23304 | Snake:1  | Identified the +1 pair of gloves of Mirth {Drain Will-
                  | Str+10 SInv} (You bought it in a shop on level 1 of the
                  | Snake Pit)
 23467 | Snake:1  | Reached skill level 1 in Spellcasting
 23467 | Snake:1  | Reached skill level 1 in Summonings
 24868 | Snake:2  | Reached skill level 14 in Long Blades
 24932 | Snake:3  | Noticed a nagaraja
 25014 | Snake:3  | Killed a nagaraja
 25876 | Snake:3  | Reached XP level 16. HP: 124/135 MP: 23/23
 25915 | Snake:3  | Reached skill level 10 in Dodging
 26334 | Snake:3  | Reached skill level 10 in Throwing
 26645 | Snake:4  | Entered Level 4 of the Snake Pit
 26702 | Snake:4  | Found Qaemeypt's Specific Store.
 26704 | Snake:4  | Found Luoraico's General Store.
 27206 | Snake:4  | Found Xetwar's Assorted Antiques.
 27211 | Snake:4  | Found Qesidu's Magic Scroll Shoppe.
 27241 | Snake:4  | Bought a pair of runed gloves for 210 gold pieces
 27794 | Snake:4  | Reached skill level 10 in Evocations
 28318 | Snake:4  | Got a serpentine rune of Zot
 28613 | Shoals:1 | Entered Level 1 of the Shoals
 28730 | Shoals:1 | Noticed a kraken
 29364 | Depths:1 | Entered Level 1 of the Depths
 29364 | Depths:1 | Noticed a walking crystal tome
 29376 | D:15     | Killed a walking crystal tome
 30675 | Elf:1    | Entered Level 1 of the Elven Halls
 30773 | Elf:1    | Reached skill level 15 in Long Blades
 30863 | Elf:1    | Identified the +8 mace of the Pit {freeze, Dex+7}
 31614 | Elf:1    | Reached XP level 17. HP: 137/144 MP: 27/27
 32719 | Elf:2    | Paralysed by an air elemental for 1 turns
 32745 | Elf:2    | Reached skill level 5 in Summonings
 32991 | Elf:2    | Found a runed translucent gate.
 32991 | Elf:2    | Found a runed translucent gate.
 32992 | Elf:2    | Found a runed translucent gate.
 33343 | Elf:2    | Noticed Jorgrun
 33620 | Elf:2    | Killed Jorgrun
 33852 | Elf:3    | Entered Level 3 of the Elven Halls
 34185 | Elf:3    | Reached skill level 5 in Spellcasting
 34462 | Elf:3    | Identified the ring "Headi" {Ice rPois}
 34579 | Elf:3    | Noticed a Brimstone Fiend
 35212 | Elf:3    | Killed from afar by a ghostly deep elf death mage

Illustrated notes

Levels and vault maps discovered:
D:1:      dpeg_arrival_simpleton_a, layout_basic,
          shapermc_ecumenical_altar_totnotflames
D:2:      layout_basic, basic_altar, kennysheep_path_1, uniq_jessica,
          uniq_natasha
D:3:      layout_basic, okawaru_ov_weapons_minmay, kiku_gazebo_garden_becter,
          gammafunk_ghost_icy, grunt_ministairs_7, serial_bayou_pond_c,
          minmay_gold_behind_fungi, uniq_crazy_yiuf_cottage, uniq_ijyb
D:4:      wad_lake_hut, layout_basic, minmay_temple_entry_trees, serial_shops,
          nicolae_shop_hallway_stairs, biasface_ghost_orc_armoury, uniq_robin,
          uniq_duvessa, uniq_edmund
D:5:      layout_gridville, mainiacjoe_overflow_paths, ebering_ghost_gozag
D:6:      layout_basic, mainiacjoe_overflow_boulevard,
          mainiacjoe_overflow_catwalk, portal_sewer_entry_e,
          ebering_ghost_sewer_d, uniq_sigmund
D:7:      layout_gridville, mainiacjoe_overflow_alcove_2,
          gammafunk_temple_overflow_claw, mainiacjoe_overflow_tiny_flanked,
          serial_shops, shop
D:8:      layout_loops_corners, nicolae_overflow_crystal_walls,
          dpeg_lair_monsters, uniq_psyche
D:9:      layout_gridville, nicolae_gozag_seed_capital, minivault_25_ag,
          minivault_22, minmay_misc_feat_square, st_stairs_6, uniq_maggie
D:10:     layout_roguey, tso_metal_star, erik_orc_4, kennysheep_generic_room_2,
          uniq_nergalle
D:11:     layout_roguey, gammafunk_ghost_cemetery, minmay_radiant
D:12:     layout_rooms, uniq_azrael
D:13:     layout_long_grid, serial_glass, glass_columns_b, glass_columns_c,
          gammafunk_ghost_necromancy, vehumet_crystals
D:14:     layout_gridville, lightli_vaults_fourway_checkpoint,
          skrybe_limestone_x, portal_ice_cave_entry_horrid_things,
          uniq_josephine
D:15:     gammafunk_enter_depths_forms, layout_irregular_city,
          serial_column_ruins, column_ruins_square_small,
          column_ruins_square_small, column_ruins_grid_1,
          column_ruins_open_small, column_ruins_open_small,
          column_ruins_open_medium, minmay_misc_feat_rugged,
          corexii_hall_statues_l, nicolae_wooded_promenade
Lair:1:   layout_regular_city, st_stairs_3, uniq_gastronok
Lair:2:   layout_regular_city, infiniplex_staircase_pool
Lair:3:   layout_cave_pods, dummy_snake_entry, beast_lair_carwin_4
Lair:4:   layout_regular_city, minmay_shoals_entry_beasts,
          nzn_masters_of_martial_movement
Lair:5:   layout_loops_ring, dpeg_slime_entry_enclosed_altar, uniq_rupert
Shoals:1: cheibrodos_shoals_satyrical_garden, layout_shoals
Snake:1:  layout_onion, serial_shops, bzr_entry_islet, nicolae_shop_crystal,
          minmay_shop_enchanted_jewellery, nicolae_snake_gridmaze_zigzag,
          st_stairs_3
Snake:2:  layout_cave_pods
Snake:3:  layout_cave_town, nicolae_snake_gridmaze_tees, st_stairs_5,
          lemuel_fruit_tree, serial_bayou_shore_b, grunt_megastairs_2
Snake:4:  grunt_snake_rune_serpentine_throne, layout_cave_town,
          nicolae_specific_store, minmay_shop_star
Orc:1:    layout_diamond_mine, uniq_erolcha
Orc:2:    pf_orc_diabolical, layout_diamond_mine, basic_altar
Elf:1:    minmay_elf_arrival_summoners, layout_loops_cross,
          hangedman_elf_represent
Elf:2:    nicolae_elf_blades_splatter_lattice [infiniplex_blade_entry_pillars],
          layout_geoelf_octagon, uniq_jorgrun
Elf:3:    nooodl_elf_gasket, layout_loops_cross,
          minmay_checkered_concentric_circles
Depths:1: layout_cave_shapes, hellmouth_3, dk_noncrumbling_3, serial_shops,
          kennysheep_mini_moat, nicolae_shop_advertising_works
          [nicolae_subvault_shop_adworks], nicolae_shop_overgrown_old_shop,
          nicolae_abyss_entry_one_way_or_another,
          nicolae_wu_jian_immortal_techniques
Depths:2: hourglass_vault, layout_gridlike, hell_entry, pan_entry,
          grunt_ministairs_3, uniq_nikola

Skill      XL: |  1  2  3  4  5  6  7  8  9 10 11 12 13 14 15 16 17 |
---------------+----------------------------------------------------+-----
Long Blades    | 2 3 4 6 7 8 9 11 12 13 14 15 | 15.7
Fighting       | 3 4 5 6 7 8 9 10 11 | 11.5
Throwing       | 1 2 3 4 5 6 7 8 9 10 11 | 11.1
Armour         | 3 4 5 6 7 8 9 10 11 | 11.5
Dodging        | 1 2 3 4 5 6 7 8 9 10 11 | 11.0
Shields        | 3 4 5 6 7 8 9 10 11 | 11.4
Evocations     | 1 2 3 4 5 6 7 8 9 10 | 10.8
Spellcasting   | 2 4 5 |  5.1
Summonings     | 2 4 5 |  5.7

Action                   |  1- 3 |  4- 6 |  7- 9 | 10-12 | 13-15 | 16-18 || total
-------------------------+-------+-------+-------+-------+-------+-------++-------
Melee: Short sword       |    38 |   181 |       |       |       |       ||   219
       Long sword        |     3 |     9 |   278 |   498 |  1403 |   903 ||  3094
       Scimitar          |       |       |       |    19 |    14 |       ||    33
Throw: Dart              |     2 |       |    10 |    27 |    25 |       ||    64
       Javelin           |       |       |       |       |    10 |    16 ||    26
 Abil: Evoke Invisibilit |       |       |       |       |       |     1 ||     1
Evoke: Wand              |       |       |       |     5 |     5 |     3 ||    13
  Use: Scroll            |       |       |       |    12 |    12 |     8 ||    32
       Potion            |       |       |       |     2 |     1 |     1 ||     4
 Stab: Petrified         |       |       |       |       |     6 |       ||     6
       Invisible         |       |       |       |       |       |     3 ||     3
Armor: Scale mail        |    16 |    71 |       |       |       |       ||    87
       Plate armour      |       |    15 |   203 |   131 |       |       ||   349
       Chain mail        |       |       |       |   177 |   450 |   271 ||   898
       Robe              |       |       |       |       |     2 |     2 ||     4
Dodge: Dodged            |    13 |    69 |    80 |   191 |   564 |   304 ||  1221
Block: Buckler           |     9 |    59 |    75 |    68 |       |       ||   211
       Kite shield       |       |       |       |   240 |   955 |   501 ||  1696
